 Dungeon Crawl Stone Soup version 0.21-a0-352-g5b8f553 (webtiles) character file.

28 Dfrag the Firebug (level 3, 24/24 HPs)
             Began as a Demonspawn Fire Elementalist on Oct 11, 2017.
             Quit the game on level 1 of the Dungeon.
             The game lasted 00:00:59 (684 turns).

Dfrag the Firebug (Demonspawn Fire Elementalist)     Turns: 684, Time: 00:01:00

Health: 24/24      AC:  2    Str:  8    XL:     3   Next: 0%
Magic:  4/6        EV: 12    Int: 17    God:
Gold:   44         SH:  3    Dex: 13    Spells: 6/7 levels left

rFire    . . .     SeeInvis .   (no weapon)
rCold    . . .     Gourm    .   (no shield)
rNeg     . . .     Faith    .   a - +0 robe
rPois    .         Spirit   .   (no helmet)
rElec    .         Reflect  +   (no cloak)
rCorr    .         Harm     .   (no gloves)
MR       .....                  (no boots)
Stlth    ++........             k - +3 amulet of reflection
HPRegen  0.08/turn              (no ring)
MPRegen  0.10/turn              (no ring)

@: no status effects
A: talons 1, powered by pain 1
a: no special abilities


You were on level 1 of the Dungeon.
You were not hungry.

You visited 1 branch of the dungeon, and saw 1 of its levels.

You collected 44 gold pieces.

Inventory:

Armour
 a - a +0 robe (worn)
Jewellery
 k - a +3 amulet of reflection (around neck)
Scrolls
 d - a scroll of enchant weapon {unknown}
 e - a scroll of identify {unknown}
 g - a scroll of blinking {unknown}
 h - a scroll of teleportation {unknown}
 i - a scroll of amnesia {unknown}
 l - a scroll of random uselessness {unknown}
 m - a scroll of fear {unknown}
Potions
 f - a potion of agility {unknown}
Books
 b - a book of Flames

   Spells                             Type                      Level
   a - Flame Tongue                   Conjuration/Fire             1
   b - Throw Flame                    Conjuration/Fire             2
   c - Conjure Flame                  Conjuration/Fire             3
   d - Inner Flame                    Hexes/Fire                   3
   e - Sticky Flame                   Conjuration/Fire             4
   f - Fireball                       Conjuration/Fire             5
Comestibles
 c - 2 bread rations
 j - a chunk of flesh


   Skills:
 - Level 1.7 Dodging
 - Level 1.7 Stealth
 + Level 2.5 Spellcasting
 + Level 1.8 Conjurations
 + Level 3.1 Fire Magic


You had 6 spell levels left.
You knew the following spells:

 Your Spells              Type           Power        Failure   Level  Hunger
a - Flame Tongue          Conj/Fire      ##...        7%          1    #......


Dungeon Overview and Level Annotations

Branches:
Dungeon (1/15)

Altars:


Innate Abilities, Weirdness & Mutations

You have sharp toenails.
You sometimes gain a little power by taking damage.


Message History

Confirm with . or Enter, or press ? or * to list all spells.
You can't see any susceptible monsters within range! (Use Z to cast anyway.) Unknown command.
A kobold comes into view. It is wielding a short sword.
The goblin barely misses you.
A goblin comes into view. It is wielding a club.
Casting: Flame Tongue
Confirm with . or Enter, or press ? or * to list all spells.
Aiming: Flame Tongue
Press: ? - help, Shift-Dir - straight line, f - goblin
Aim: a goblin The flame tongue hits the goblin.
You kill the goblin!
You have reached level 3!
Your experience leads to an increase in your attributes!
Increase (S)trength, (I)ntelligence, or (D)exterity?
You feel clever.
Your demonic ancestry asserts itself...
You feel energised by your suffering.
The kobold shouts!
Are you sure you want to abandon this character and quit the game? (Confirm with "yes".)

########### ##.....#...#
....##.#.#.# #########
######.#.#.# #........
.....#.#.#.# #........
..........>###...#
.#.#.#...........# #.
.#.#.#...#.#####@# #.#
.#.#.#.###.# #.r.# #..
.#.#.#.....# #.#Kg.#.[#
.#.#.####..# #.#[#.#..#
.#.#....#..# #.#####..##
......#.#..# #.........#
.#.##†..#..#####.##.####.####
.#.###..#...................#
.#.# #..##.#####.###.###.##.#


You could see a goblin, a kobold and a rat.

Vanquished Creatures
  3 dart slugs (D:1)
  5 bats (D:1)
  A giant cockroach (D:1)
  3 goblins (D:1)
  2 hobgoblins (D:1)
  3 jackals (D:1)
  2 frilled lizards (D:1)
  3 rats (D:1)
22 creatures vanquished.

Notes
Turn   | Place    | Note
-------+----------+-------------------------------------------
     0 | D:1      | Dfrag the Demonspawn Fire Elementalist began the quest for the Orb.
     0 | D:1      | Reached XP level 1. HP: 13/13 MP: 3/3
    78 | D:1      | Gained mutation: You have sharp toenails. [demonic ancestry]
    78 | D:1      | Reached XP level 2. HP: 11/19 MP: 3/5
   216 | D:1      | Reached skill level 3 in Fire Magic
   683 | D:1      | Gained mutation: You sometimes gain a little power by taking damage. [demonic ancestry]
   683 | D:1      | Reached XP level 3. HP: 24/24 MP: 4/6
   684 | D:1      | Quit the game

Vault maps used:
D:1:      scummos_arrival_checkerplants, minmay_split_cup_large

Skill      XL: |  1  2 |
---------------+-------+-----
Fire Magic     | 3 |  3.1
Dodging        | |  1.7
Stealth        | |  1.7
Spellcasting   | |  2.5
Conjurations   | |  1.8

Action                   || total
-------------------------++-------
Melee: Unarmed           ||    16
       Kick              ||     2
 Cast: Flame Tongue      ||    34
Armor: Robe              ||     7
Dodge: Dodged            ||    19

Table legend:
 A = Spawn XP
 B = Non-spawn XP
 C = Spawn XP percentage of total XP
 D = Spawn monster count
 E = Non-spawn monster count
 F = Spawn count percentage of total count
 G = Total turns spent on level
                    A         B        C        D         E        F      G
               +---------+---------+-------+---------+---------+-------+---------
         Total |       0 |      41 |   0.0 |       0 |      22 |   0.0 |   684
               +---------+---------+-------+---------+---------+-------+---------
           D:1 |       0 |      41 |   0.0 |       0 |      22 |   0.0 |   684
               +---------+---------+-------+---------+---------+-------+---------
